 Dungeon Crawl Stone Soup version 0.22.1-6-g1668fe2c40 (webtiles) character file.

198 Kohma the Ruffian (level 5, -3/44 HPs)
             Began as a Naga Transmuter on Jan 26, 2019.
             Killed by nerve-wracking pain
             ... invoked by an orc priest
              (11 damage)
             ... on level 4 of the Dungeon.
             The game lasted 00:14:41 (5291 turns).

Kohma the Ruffian (Naga Transmuter)                 Turns: 5291, Time: 00:14:43

Health: -3/44      AC:  3    Str: 15    XL:     5   Next: 77%
Magic:  4/8        EV: 10    Int: 13    God:
Gold:   162        SH:  0    Dex: 12    Spells: 2/8 levels left

rFire    . . .     SeeInvis +     - Unarmed
rCold    . . .     Gourm    .   (no shield)
rNeg     . . .     Faith    .   b - +0 robe
rPois    +         Spirit   .   (no helmet)
rElec    .         Reflect  .   j - +0 cloak
rCorr    .         Harm     .   (no gloves)
MR       .....                  (no barding)
Stlth    +.........             (no amulet)
HPRegen  0.14/turn              g - +2 ring of strength
MPRegen  0.11/turn              (no ring)

@: appendage, very slow
A: large, horns 2, see invisible, deformed body, poison resistance, slowness 2,
slow metabolism 1, spit poison 1, AC +1
a: Spit Poison, End Transformation


You were on level 4 of the Dungeon.
You were hungry.
You had grown temporary horns.
You visited 1 branch of the dungeon, and saw 4 of its levels.

You collected 162 gold pieces.

Inventory:

Missiles
 a - 44 arrows
 n - 88 stones
 p - a throwing net (quivered)
 v - 5 tomahawks
Armour
 b - a +0 robe (worn)
 c - a +0 buckler
 e - a +0 ring mail
 j - a +0 cloak (worn)
 k - a +0 scale mail
 y - a +0 helmet
Jewellery
 g - a +2 ring of strength (left hand)
Wands
 w - a wand of paralysis (10)
Scrolls
 l - a scroll of amnesia
 m - 3 scrolls of teleportation
 o - 2 scrolls of remove curse
 q - 4 scrolls of identify {unknown}
 s - 2 scrolls of fear {unknown}
Potions
 f - 2 potions of curing {unknown}
 i - a potion of cancellation {unknown}
 r - a potion of mutation {unknown}
 t - a potion of agility {unknown}
 u - a potion of heal wounds {unknown}
 x - a potion of brilliance {unknown}
 z - a potion of lignification {unknown}
 A - a potion of degeneration {unknown}
Comestibles
 d - 6 rations
 B - 4 chunks of flesh


   Skills:
 - Level 1.0 Fighting
 - Level 1.5 Dodging
 - Level 3.0 Shields
 + Level 4.0 Unarmed Combat
 - Level 2.0 Spellcasting
 + Level 3.3 Transmutations


You had 2 spell levels left.
You knew the following spells:

 Your Spells              Type           Power        Failure   Level  Hunger
a - Beastly Appendage     Tmut           #.....       7%          1    ##.....
b - Sticks to Snakes      Tmut           #.......     10%         2    ###....
c - Spider Form           Tmut/Pois      #.........   36%         3    ####...

Your spell library contained the following spells:

 Spells                   Type           Power        Failure   Level  Hunger
 Ice Form                 Ice/Tmut       #.......     78%         4    #####..
 Blade Hands              Tmut           #.........   88%         5    ######.


Dungeon Overview and Level Annotations

Branches:
Dungeon (4/15)
 Temple: D:4-7

Altars:
Sif Muna


Innate Abilities, Weirdness & Mutations

You cannot wear boots.
Your serpentine skin is tough. (AC +1)
You have supernaturally acute eyesight. (SInv)
Armour fits poorly on your strangely shaped body.
Your system is resistant to poisons. (rPois)
You cover ground very slowly.
You have a slow metabolism.
You can spit poison.
You have a pair of horns on your head.


Message History

The orc priest is heavily wounded.
Your ball python bites the orc wizard.
Your ball python constricts the orc wizard.
The orc priest looks braver for a moment.
The orc wizard barely misses your ball python.
You hit the orc wizard but do no damage.
The orc wizard is severely wounded.
Your ball python bites the orc wizard.
Your ball python constricts the orc wizard.
The orc priest hits you with a short sword.
* * * LOW HITPOINT WARNING * * *
The orc wizard hits your ball python with a dagger.
You hit the orc priest but do no damage.
You punch the orc priest.
The orc priest is severely wounded.
Your ball python bites the orc wizard but does no damage.
Your ball python constricts the orc wizard.
The orc priest calls down the wrath of Beogh upon you.
Pain shoots through your body!
You die...

**,**,**,*
*,***###...###
*,*,,,*,***,*
#.......#
*,,,,,,,,,,,*
#.......#
***,,,***,***
#.......#
*****,****,*
#.......#
,,,,,,,,,*,*
#.......#
,,,,****,*,*
##oS.....#
***** *,*,*
#oo......#
*,*,*
#@##)#####
*,*,* #S#..#
*,*,* #....#
*,*,* ###..#
*,*,* #..#
********,*,*
#..#
,,,,,,,..,,*
#..#
******#.#***
#..# #.# #..#


You could see an orc priest, an orc wizard, an orc and 2 friendly ball pythons.

Vanquished Creatures
  An ogre (D:4)
  3 adders
  An ooze (D:2)
  5 worms
  3 dart slugs (D:1)
  A leopard gecko (D:3)
  An orc (D:4)
  2 ball pythons
  6 bats
  5 giant cockroaches (D:1)
  8 goblins
  11 hobgoblins
  6 jackals
  4 kobolds
  2 quokkas (D:2)
  2 frilled lizards (D:1)
  7 rats
68 creatures vanquished.

Vanquished Creatures (collateral kills)
  A leopard gecko (D:4)
  A kobold (D:2)
2 creatures vanquished.

Grand Total: 70 creatures vanquished

Notes
Turn   | Place    | Note
-------+----------+-------------------------------------------
     0 | D:1      | Kohma the Naga Transmuter began the quest for the Orb.
     0 | D:1      | Reached XP level 1. HP: 18/18 MP: 3/3
   713 | D:1      | Reached XP level 2. HP: 21/25 MP: 3/5
   738 | D:1      | Reached skill level 1 in Shields
  1034 | D:1      | Learned a level 2 spell: Sticks to Snakes
  1624 | D:1      | Reached XP level 3. HP: 15/31 MP: 6/6
  2912 | D:2      | Reached XP level 4. HP: 38/38 MP: 5/7
  3769 | D:2      | Found a deep blue altar of Sif Muna.
  4827 | D:4      | Noticed an ogre
  4838 | D:4      | Killed an ogre
  4838 | D:4      | Reached XP level 5. HP: 7/44 MP: 3/8
  5103 | D:4      | Learned a level 3 spell: Spider Form
  5195 | D:4      | Reached skill level 4 in Unarmed Combat
  5291 | D:4      | Killed from afar by an orc priest

Skill      XL: |  1  2  3  4  5 |
---------------+----------------+-----
Shields        | 1 2 3 |  3.0
Transmutations | 3 |  3.3
Unarmed Combat | 4 |  4.0
Fighting       | |  1.0
Dodging        | |  1.5
Spellcasting   | |  2.0

Action                   |  1- 3 |  4- 6 || total
-------------------------+-------+-------++-------
Melee: Unarmed           |   157 |   130 ||   287
       Headbutt          |    18 |    24 ||    42
       Punch             |     3 |     1 ||     4
 Cast: Beastly Appendage |    26 |    22 ||    48
       Sticks to Snakes  |       |     8 ||     8
  Use: Scroll            |       |     5 ||     5
  Eat: Chunk             |     3 |     2 ||     5
       Ration            |     1 |     1 ||     2
Armor: Robe              |    42 |    23 ||    65
Dodge: Dodged            |   120 |    52 ||   172
Block: Buckler           |     2 |    16 ||    18
